 Dungeon Crawl Stone Soup version 0.17-a0-1685-g57e755e (webtiles) character file.

98708 magipi the Black Belt (level 15, -15/154 HPs)
             Began as a Troll Hunter on Aug 18, 2015.
             Was the Champion of Jiyva.
             Killed from afar by a shock serpent (16 damage)
             ... with a bolt of electricity
             ... on level 1 of the Snake Pit on Aug 19, 2015.
             The game lasted 03:01:37 (29266 turns).

magipi the Black Belt (Troll Hunter)               Turns: 29266, Time: 03:01:38

Health: -15/154    AC: 13    Str: 12    XL:     15   Next: 38%
Magic:  19/19      EV: 20    Int: 12    God:    Jiyva [******]
Gold:   1626       SH:  0    Dex: 24    Spells: 4 memorised, 7 levels left

rFire  + + .     SeeInvis .       - Unarmed
rCold  . . .     Clarity  +     u - +1 robe {MR+}
rNeg   . . .     SustAt   .     (no shield)
rPois  .         Gourm    +     (helmet restricted)
rElec  .         Spirit   .     T - +2 cloak
rCorr  +         Warding  .     (gloves unavailable)
rMut   .         Stasis   .     (boots unavailable)
MR     ++...                    R - amulet of clarity
Stlth  ++........               K - +4 ring of protection
                                f - ring of protection from fire

@: very slightly contaminated, very resistant to hostile enchantments,
unstealthy
A: unfitting armour, claws 3, hooves 1, horns 1, fire resistance 1, fast
metabolism 3, gourmand, regeneration 2, shaggy fur 1, strong 1, tough skin 2,
translucent skin 1, tendrils
a: Request Jelly, Jelly Paralyse, Slimify, Cure Bad Mutation, Renounce Religion
}: 1/15 runes: slimy


You were on level 1 of the Snake Pit.
You worshipped Jiyva.
Jiyva was exalted by your worship.
You were very full.

You visited 6 branches of the dungeon, and saw 35 of its levels.
You also visited: Bailey.

You collected 2055 gold pieces.
You spent 429 gold pieces at shops.

Notes
Turn   | Place    | Note
--------------------------------------------------------------
     0 | D:1      | magipi the Troll Hunter began the quest for the Orb.
     0 | D:1      | Reached XP level 1. HP: 19/19 MP: 0/0
    93 | D:1      | Reached skill level 1 in Unarmed Combat
   278 | D:1      | Reached XP level 2. HP: 27/27 MP: 1/1
   809 | D:2      | Noticed Terence
   819 | D:2      | Killed Terence
   819 | D:2      | Reached XP level 3. HP: 33/33 MP: 2/2
   859 | D:2      | Noticed Ijyb
   878 | D:2      | Killed Ijyb
   878 | D:2      | Reached XP level 4. HP: 38/41 MP: 3/3
  1039 | D:2      | Noticed Jessica
  1040 | D:2      | Killed Jessica
  1040 | D:2      | Reached skill level 4 in Unarmed Combat
  1177 | D:2      | Noticed Natasha
  1197 | D:2      | Killed Natasha
  1411 | D:2      | Reached XP level 5. HP: 48/48 MP: 4/4
  1908 | D:3      | Reached skill level 5 in Unarmed Combat
  2190 | D:3      | Noticed Grinder
  2488 | D:4      | Found a glowing silver altar of Zin.
  2489 | D:4      | Found a deep blue altar of Sif Muna.
  2490 | D:4      | Found a glowing golden altar of the Shining One.
  2490 | D:4      | Found a sparkling altar of Nemelex Xobeh.
  2492 | D:4      | Found an ancient bone altar of Kikubaaqudgha.
  2492 | D:4      | Found a radiant altar of Vehumet.
  2527 | D:4      | Noticed cireshan's ghost (average DECj)
  2560 | D:5      | Entered Level 5 of the Dungeon
  2585 | D:5      | Reached skill level 6 in Unarmed Combat
  2585 | D:5      | Reached XP level 6. HP: 50/55 MP: 5/5
  2739 | D:5      | Found a staircase to the Ecumenical Temple.
  2748 | Temple   | Entered the Ecumenical Temple
  2833 | Temple   | Became a worshipper of Fedhas Madash
  2955 | D:5      | Noticed a sky beast
  3012 | D:5      | Killed a sky beast
  3012 | D:5      | Reached skill level 7 in Unarmed Combat
  3054 | D:5      | Reached XP level 7. HP: 62/62 MP: 6/6
  3140 | D:4      | Noticed Robin
  3218 | D:4      | Killed Robin
  3493 | D:5      | Noticed Charly's ghost (weakling HuFE)
  3583 | D:5      | Reached skill level 8 in Unarmed Combat
  3695 | D:5      | Found a sacrificial altar of Ru.
  3833 | D:5      | Found Hosorph's Magic Scroll Shop.
  3836 | D:5      | Bought a scroll of fog for 26 gold pieces
  3836 | D:5      | Bought a scroll of teleportation for 39 gold pieces
  3836 | D:5      | Bought a scroll of identify for 26 gold pieces
  3873 | D:6      | Found a radiant altar of Vehumet.
  3876 | D:6      | Noticed Eustachio
  4032 | D:6      | Found a bloodstained altar of Trog.
  4197 | D:6      | Reached skill level 9 in Unarmed Combat
  4276 | D:6      | Noticed Duvessa
  4316 | D:6      | Reached XP level 8. HP: 70/70 MP: 7/7
  4413 | D:6      | Killed Eustachio
  4578 | D:6      | Reached skill level 10 in Unarmed Combat
  4627 | D:6      | Noticed Dowan
  4629 | D:6      | Killed Duvessa
  4636 | D:6      | Killed Dowan
  4801 | D:7      | Acquired Fedhas's first power
  4849 | D:7      | Reached skill level 11 in Unarmed Combat
  5276 | D:7      | Reached XP level 9. HP: 76/76 MP: 8/8
  5931 | D:8      | Noticed Maurice
  6038 | D:8      | Reached skill level 5 in Dodging
  6197 | D:8      | Killed Maurice
  6328 | D:8      | Acquired Fedhas's second power
  6348 | D:8      | Found Qiguqeu's General Store.
  6361 | D:8      | Bought a potion of poison for 13 gold pieces
  7041 | D:9      | Reached XP level 10. HP: 35/83 MP: 9/9
  7494 | D:9      | Found a staircase to the Lair.
  7942 | D:10     | Entered Level 10 of the Dungeon
  8183 | D:10     | Noticed a hill giant
  8192 | D:10     | Killed a hill giant
  8292 | D:10     | Found a staircase to the Orcish Mines.
  8382 | D:10     | Reached skill level 10 in Dodging
  8875 | D:10     | Noticed Psyche
  9053 | D:11     | Noticed a hill giant
  9063 | D:11     | Killed a hill giant
  9244 | D:11     | Reached XP level 11. HP: 67/101 MP: 10/10
  9386 | D:11     | Reached skill level 5 in Fighting
  9585 | D:11     | Noticed a hill giant
  9606 | D:11     | Killed a hill giant
  9688 | D:11     | Noticed a red ugly thing
  9707 | D:11     | Killed a red ugly thing
 10012 | D:12     | Found a corrupted altar of Lugonu.
 10037 | D:12     | Noticed a hill giant
 10048 | D:12     | Killed a hill giant
 10494 | Lair:1   | Entered Level 1 of the Lair of Beasts
 11555 | Lair:2   | Found an ancient bone altar of Kikubaaqudgha.
 11937 | Lair:3   | Found a staircase to the Snake Pit.
 12269 | Lair:3   | Reached skill level 5 in Throwing
 12718 | Lair:3   | Reached XP level 12. HP: 99/122 MP: 11/11
 12726 | Lair:3   | Acquired Fedhas's third power
 12944 | Lair:3   | Reached skill level 12 in Unarmed Combat
 13332 | Lair:3   | Noticed a four-headed hydra
 13346 | Lair:3   | Killed a four-headed hydra
 13523 | Lair:3   | Noticed a four-headed hydra
 13537 | Lair:3   | Killed a four-headed hydra
 13822 | Lair:4   | Found a frozen archway.
 13934 | Lair:4   | Found a staircase to the Shoals.
 14703 | Lair:5   | Noticed Maud
 14885 | Lair:5   | Noticed a five-headed hydra
 14889 | Lair:5   | Killed a five-headed hydra
 15356 | Lair:5   | Reached skill level 13 in Unarmed Combat
 15468 | Lair:6   | Reached skill level 10 in Fighting
 15750 | Lair:6   | Noticed Josephine
 15756 | Lair:6   | Noticed an eight-headed hydra
 15757 | Lair:6   | Killed Josephine
 15918 | Lair:6   | Reached XP level 13. HP: 120/135 MP: 12/12
 15919 | Lair:6   | Acquired Fedhas's fourth power
 16256 | Lair:6   | Killed an eight-headed hydra
 16803 | Lair:7   | Reached skill level 14 in Unarmed Combat
 17754 | Lair:8   | Entered Level 8 of the Lair of Beasts
 18015 | Lair:8   | Reached skill level 1 in Invocations
 18015 | Lair:8   | Reached skill level 1 in Evocations
 18622 | Lair:8   | Found a viscous altar of Jiyva.
 18622 | Lair:8   | Found a staircase to the Slime Pits.
 18892 | Lair:8   | Reached XP level 14. HP: 132/146 MP: 16/16
 19209 | Lair:8   | Fell from the grace of Fedhas
 19209 | Lair:8   | Became a worshipper of Jiyva Jubigucw the Shapeless
 19456 | Orc:1    | Entered Level 1 of the Orcish Mines
 19475 | Orc:1    | Found a roughly hewn altar of Beogh.
 19521 | Orc:1    | Found a flagged portal.
 19528 | Bailey   | Entered a bailey
 20044 | Orc:1    | Acquired Jiyva's first power
 20049 | Orc:1    | Acquired Jiyva's second power
 20055 | Orc:1    | Gained mutation: You are partially covered in yellow scales (AC +2). [Jiyva's grace]
 20107 | Orc:1    | Acquired Jiyva's third power
 20133 | Orc:1    | Lost mutation: You are partially covered in yellow scales (AC +2). [Jiyva's grace]
 20248 | Orc:1    | Found a bloodstained altar of Trog.
 20256 | Orc:1    | Acquired Jiyva's fourth power
 20258 | Orc:1    | Gained mutation: Your system is resistant to poisons. [Jiyva's grace]
 20321 | Orc:1    | Reached skill level 5 in Evocations
 20339 | Orc:1    | Gained mutation: You can spit weak poison. [Jiyva's grace]
 20446 | Orc:1    | Gained mutation: You have a small jelly attached to you that senses nearby items. [Jiyva's grace]
 20960 | Orc:2    | Gained mutation: You are agile. (Dex +2) [Jiyva's grace]
 21035 | Orc:2    | Lost mutation: You are agile. (Dex +2) [Jiyva's grace]
 21077 | Orc:2    | Gained mutation: You are covered in slimy tendrils that may disarm your opponents. [Jiyva's grace]
 21089 | Orc:2    | Gained mutation: You are partially covered in yellow scales (AC +2). [Jiyva's grace]
 21176 | Orc:2    | Gained mutation: You have a pair of small horns on your head. [Jiyva's grace]
 21534 | Orc:3    | Found a staircase to the Elven Halls.
 21716 | Orc:3    | Gained mutation: You passively map a small area around you. [Jiyva's grace]
 21869 | Orc:4    | Entered Level 4 of the Orcish Mines
 21903 | Orc:4    | Found Gotsefu's Antique Armour Emporium.
 21970 | Orc:4    | Gained mutation: You have a pair of horns on your head. [Jiyva's grace]
 22033 | Orc:4    | Noticed an orc warlord
 22044 | Orc:4    | Slimified an orc warlord
 22044 | Orc:4    | Noticed an azure jelly
 22044 | Orc:4    | an orc warlord changed into an azure jelly
 22078 | Orc:4    | Found Ijad Wis's Antique Weapon Boutique.
 22092 | Orc:4    | Lost mutation: Your system is resistant to poisons. [Jiyva's grace]
 22183 | Orc:4    | Found Unuergh's General Store.
 22185 | Orc:4    | Lost mutation: You have a pair of horns on your head. [Jiyva's grace]
 22314 | Orc:4    | Gained mutation: You are partially covered in thin metallic scales (AC +2). [Jiyva's grace]
 22334 | Orc:4    | Found Ecaecor's General Store.
 22335 | Orc:4    | Found a burning altar of Makhleb.
 22339 | Orc:4    | Found Ylatza's Jewellery Emporium.
 22348 | Orc:4    | Gained mutation: You are weak. (Str -2) [Jiyva's grace]
 22381 | Orc:4    | Gained mutation: Your body is partially covered in golden eyeballs (Acc +3). [Jiyva's grace]
 22444 | Orc:4    | Gained mutation: You have large cloven feet. [Jiyva's grace]
 22649 | Orc:4    | Lost mutation: You have a small jelly attached to you that senses nearby items. [Jiyva's grace]
 22918 | Orc:2    | Lost mutation: You passively map a small area around you. [Jiyva's grace]
 23397 | Slime:1  | Entered Level 1 of the Pits of Slime
 23399 | Slime:1  | Noticed an acid blob
 23401 | Slime:2  | Noticed an acid blob
 23422 | Slime:6  | Entered Level 6 of the Pits of Slime
 23422 | Slime:6  | Noticed an acid blob
 23423 | Slime:6  | Noticed an acid blob
 23430 | Slime:6  | Noticed an acid blob
 23431 | Slime:6  | Noticed an acid blob
 23431 | Slime:6  | Noticed the royal jelly
 23431 | Slime:6  | Noticed an acid blob
 23432 | Slime:6  | Found a viscous altar of Jiyva.
 23435 | Slime:6  | Identified the Almanac of Battle Magic
 23437 | Slime:6  | Gained mutation: You possess an exceptional clarity of mind. [Jiyva's grace]
 23440 | Slime:6  | Noticed an acid blob
 23441 | Slime:6  | Gained mutation: Your skin is partially translucent (Stealth, -foe acc). [Jiyva's grace]
 23447 | Slime:6  | Lost mutation: Your body is partially covered in golden eyeballs (Acc +3). [Jiyva's grace]
 23453 | Slime:6  | Noticed an acid blob
 23457 | Slime:6  | Noticed an acid blob
 23464 | Slime:6  | Identified Susmarphu's Almanac of the Compass (You found it on level 6 of the Pits of Slime)
 23467 | Slime:6  | Killed an acid blob
 23474 | Slime:6  | Got a bound marble ring
 23476 | Slime:6  | Identified the ring of Sudetum {+/*Tele rElec rC+++ Int-5} (You found it on level 6 of the Pits of Slime)
 23488 | Slime:6  | Noticed an acid blob
 23503 | Slime:6  | Got a slimy rune of Zot
 23504 | Slime:6  | Killed an acid blob
 23512 | Slime:6  | Killed Zebura's ghost
 23697 | Lair:8   | Reached skill level 15 in Unarmed Combat
 24061 | Lair:8   | Lost mutation: You possess an exceptional clarity of mind. [Jiyva's grace]
 24631 | D:12     | Noticed a queen ant
 24642 | D:12     | Killed a queen ant
 24658 | D:12     | Lost mutation: You are weak. (Str -2) [Jiyva's grace]
 24830 | D:12     | Lost mutation: You have a pair of small horns on your head. [Jiyva's grace]
 25173 | D:13     | Noticed Snorg
 25185 | D:13     | Slimified Snorg
 25185 | D:13     | Noticed Snorg
 25185 | D:13     | Snorg changed into Snorg the slime creature
 25291 | D:13     | Learned a level 2 spell: Repel Missiles
 25367 | D:13     | Lost mutation: You are partially covered in yellow scales (AC +2). [Jiyva's grace]
 25511 | D:13     | Noticed Kirke
 25528 | D:13     | Slimified Kirke
 25528 | D:13     | Noticed Kirke
 25528 | D:13     | Kirke changed into Kirke the acid blob
 25535 | D:13     | Reached skill level 1 in Air Magic
 25661 | D:13     | Reached skill level 1 in Charms
 25717 | D:13     | Identified a -1 rod of clouds (11/11) (You found it on level 13 of the Dungeon)
 25736 | D:13     | Gained mutation: Your flesh is heat resistant. [Jiyva's grace]
 25752 | D:13     | Noticed Erolcha
 25940 | D:13     | Lost mutation: You can spit weak poison. [Jiyva's grace]
 25956 | D:13     | Noticed an acid blob
 25956 | D:13     | an ogre mage changed into an acid blob
 26014 | D:13     | Found a gate to the Vaults.
 26225 | D:14     | Found Mafyc's Book Boutique.
 26322 | D:14     | Noticed Urug
 26331 | D:14     | Killed Urug
 26425 | D:14     | Found Aqivvux's Weapon Shoppe.
 26690 | D:14     | Gained mutation: Your muscles are strong. (Str +2) [Jiyva's grace]
 26698 | D:14     | Found Zestruo's Antique Armour Shop.
 26760 | D:14     | Found Honiaqol's Antique Armour Shoppe.
 26768 | D:14     | Bought a runed robe for 25 gold pieces
 26798 | D:14     | Found Cuutt's Book Emporium.
 26911 | D:14     | Reached XP level 15. HP: 140/154 MP: 19/19
 26960 | D:15     | Entered Level 15 of the Dungeon
 27198 | D:15     | Gained mutation: Your rubbery body absorbs attacks (AC +1). [Jiyva's grace]
 27297 | D:15     | Noticed Louise
 27301 | D:15     | Slimified Louise
 27301 | D:15     | Noticed Louise
 27301 | D:15     | Louise changed into Louise the azure jelly
 27301 | D:15     | Gained mutation: You have a small jelly attached to you that senses nearby items. [Jiyva's grace]
 27580 | D:15     | Found a staircase to the Depths.
 27721 | D:13     | Slimified Erolcha
 27721 | D:13     | Noticed Erolcha
 27721 | D:13     | Erolcha changed into Erolcha the jelly
 27742 | D:12     | Gained mutation: You have a pair of small horns on your head. [Jiyva's grace]
 28098 | D:3      | Killed Grinder
 28359 | D:4      | Killed cireshan's ghost
 28359 | D:4      | Lost mutation: You have a small jelly attached to you that senses nearby items. [Jiyva's grace]
 28392 | D:5      | Killed Charly's ghost
 28394 | D:5      | Upgraded the game from 0.17-a0-1674-g2b13139 to 0.17-a0-1685-g57e755e
 28582 | Orc:4    | Bought an uncursed ring of protection from cold for 300 gold pieces
 28584 | Orc:4    | Learned a level 1 spell: Apportation
 28586 | Orc:4    | Learned a level 1 spell: Animate Skeleton
 28592 | Orc:4    | Learned a level 3 spell: Ozocubu's Armour
 28791 | Snake:1  | Entered Level 1 of the Snake Pit
 28963 | Snake:1  | Lost mutation: You are partially covered in thin metallic scales (AC +2). [Jiyva's grace]
 29154 | Snake:1  | Reached skill level 1 in Translocations
 29177 | Snake:1  | Reached skill level 1 in Necromancy
 29177 | Snake:1  | Reached skill level 1 in Ice Magic
 29243 | Snake:1  | Lost mutation: Your rubbery body absorbs attacks (AC +1). [Jiyva's grace]
 29266 | Snake:1  | HP: 1/154 [shock serpent/bolt of electricity (29)]
 29266 | Snake:1  | Killed from afar by a shock serpent

Inventory:

Hand weapons
 b - a +0 blowgun
Missiles
 a - 13 large rocks (quivered)
 B - 57 poisoned needles
 P - 8 curare-tipped needles
 Z - 3 throwing nets
Armour
 h - a +2 robe of the Archmagi
 u - a +1 robe of magic resistance (worn)
 N - a +0 pearl dragon armour
 T - a +2 cloak (worn)
Rods
 W - a -1 rod of clouds (11/11)
   (You found it on level 13 of the Dungeon)
Jewellery
 c - an uncursed ring of protection from cold
 d - the ring of Sudetum {+/*Tele rElec rC+++ Int-5}
   (You found it on level 6 of the Pits of Slime)

   [ring of teleportation]

   It may teleport you to nearby monsters, and can be evoked to randomly
   teleport.
   It affects your intelligence (-5).
   It renders you almost immune to cold.
   It insulates you from electricity.
 f - a ring of protection from fire (left claw)
 i - an uncursed ring of see invisible
 n - an uncursed ring of protection from magic
 J - an uncursed ring of teleportation
 K - a +4 ring of protection (right claw)
 M - an uncursed ring of protection from fire
 O - an uncursed amulet of stasis
 Q - an uncursed amulet of resist mutation
 R - an amulet of clarity (around neck)
Magical devices
 t - a wand of digging (8)
 y - a wand of digging (14)
 A - a wand of cold (10)
 C - a wand of polymorph (8)
 I - a wand of confusion (10)
 V - a wand of fire (3)
Scrolls
 g - 4 scrolls of enchant armour
 l - 7 scrolls of remove curse
 p - 15 scrolls of teleportation
 q - 8 scrolls of recharging
 E - 8 scrolls of fog
 G - 11 scrolls of identify
 U - a scroll of fear
Potions
 j - 9 potions of might
 k - a potion of curing
 o - 2 potions of invisibility
 s - 2 potions of agility
 v - 2 potions of magic
 w - 4 potions of ambrosia
 x - 5 potions of flight
 H - 3 potions of berserk rage
 L - 8 potions of heal wounds
 S - 3 potions of cancellation
Books
 X - a book of Air

   Spells                             Type                      Level
   a - Shock                          Conjuration/Air              1
   b - Swiftness                      Charms/Air                   2
   c - Repel Missiles                 Charms/Air                   2
   d - Static Discharge               Conjuration/Air              3
   e - Lightning Bolt                 Conjuration/Air              5
 Y - a book of Frost

   Spells                             Type                      Level
   a - Freeze                         Ice                          1
   b - Throw Frost                    Conjuration/Ice              2
   c - Ozocubu's Armour               Charms/Ice                   3
   d - Throw Icicle                   Conjuration/Ice              4
   e - Summon Ice Beast               Ice/Summoning                4
   f - Condensation Shield            Ice                          4
Miscellaneous
 r - 2 phantom mirrors
Comestibles
 e - 15 bread rations
 z - 7 fruits
 D - 12 royal jellies
 F - 8 meat rations


   Skills:
 - Level 11.5 Fighting
 - Level 5.1 Throwing
 - Level 10.0 Dodging
 - Level 0.4 Stealth
 - Level 15.4 Unarmed Combat
 - Level 4.0 Charms
 + Level 1.3 Necromancy
 + Level 1.3 Translocations
 + Level 1.2 Ice Magic
 - Level 4.0 Air Magic
   Level 4.4 Invocations
 - Level 7.2 Evocations


You had 7 spell levels left.
You knew the following spells:

 Your Spells              Type           Power        Failure   Level  Hunger
a - Apportation           Tloc           #.........   21%         1    ##.....
b - Animate Skeleton      Necr           N/A          21%         1    ##.....
m - Repel Missiles        Chrm/Air       #.....       12%         2    ###....
o - Ozocubu's Armour      Chrm/Ice       #.......     34%         3    ####...


Dungeon Overview and Level Annotations

Branches:
Dungeon (15/15)            Temple (1/1) D:5            Lair (8/8) D:9
 Shoals (0/4) Lair:4        Snake (1/4) Lair:3        Slime (6/6) Lair:8
    Orc (4/4) D:10            Elf (0/3) Orc:3        Vaults (0/5) D:13
 Depths (0/5) D:15

Altars:
Ashenzari
Cheibriados
Dithmenos
Elyvilon
Fedhas
Gozag
Kikubaaqudgha
Makhleb
Nemelex Xobeh
Okawaru
Qazlal
Ru
Sif Muna
Trog
Vehumet
Xom
Yredelemnul
Zin
The Shining One
Beogh
Jiyva
Lugonu

Shops:
D:5 ?   D:8 *   D:14 :([:[   Orc:4 (*[*=

Annotations:
D:10 Psyche
Lair:5 Maud
Lair:8 dire
Slime:6 Royal Jelly


Innate Abilities, Weirdness & Mutations

You are too large for most types of armour.
You have claws for hands.
Your metabolism is lightning-fast.
You like to eat raw meat.
You heal very quickly.
You are covered in fur (AC +1).
You have very tough skin (AC +2).
You have large cloven feet.
You have a pair of small horns on your head.
Your flesh is heat resistant.
Your muscles are strong. (Str +2)
Your skin is partially translucent (Stealth, -foe acc).
You are covered in slimy tendrils that may disarm your opponents.

Vault maps used:
D:1:      dpeg_arrival_boxes_within_box
D:2:      minivault_4, uniq_terence, uniq_jessica, uniq_iyjb, uniq_natasha
D:3:      uniq_grinder
D:4:      grunt_temple_overflow_open, first_bread, uniq_robin
D:5:      temple_doors_e, serial_shops, shop, hangedman_ru_absence
D:6:      lemuel_crystal_altar, vehumet_altar_wand_db, uniq_eustachio,
          uniq_duvessa
D:8:      serial_shops, nicolae_shop_window_shopping, uniq_maurice
D:9:      lair_0_dummy, hangedman_tell_no_tales
D:10:     zombieorc1_lemuel, uniq_psyche
D:11:     hangedman_decor_riveting, grunt_ministairs_12,
          kennysheep_cluttered_room
D:12:     kennysheep_kobold_lugonu_temple, zaba_antful_of_joy
D:13:     hangedman_vaults_entry_quadrant_bands, uniq_kirke, uniq_snorg,
          uniq_erolcha
D:14:     serial_shops, shop, shop, shop_coins, shop, shop, uniq_urug,
          uniq_nessos
D:15:     grunt_enter_depths_snipers, uniq_louise
Temple:   eino_temple_water_12
Lair:1:   hibernation_bobbens
Lair:2:   basic_altar, minivault_26, st_stairs_12, infiniplex_staircase_pool
Lair:3:   dummy_snake_entry, special_room, patterned_corridor
Lair:4:   minmay_shoals_entry_lonely_mermaid, portal_ice_cave_entry_imps
Lair:5:   uniq_maud
Lair:6:   small_statue_intersection, uniq_josephine
Lair:7:   st_stairs_6
Lair:8:   due_jungle_book, dpeg_slime_entry_enclosed_altar
Snake:1:  nicolae_snake_double_loop, grunt_ministairs_11, lemuel_fruit_tree,
          grunt_megastairs_3
Slime:2:  uniq_dissolution
Orc:1:    enter_bailey_3, special_room, basic_altar, trog_hazing_becter
Orc:2:    nicolae_orc_pool_cavern
Orc:4:    grunt_orc_gardens, grunt_orc_garden, grunt_orc_garden,
          grunt_orc_garden, grunt_orc_garden, basic_altar, serial_shops, shop
Bailey:   bailey_polearm_3, bailey


Message History

The shock serpent hisses angrily.
Unknown command.
Evoke which item? (* to show all) (? for menu, Esc to quit)
Zapping:
C - a wand of polymorph (will waste charges)
Press: ? - help, Shift-Dir - straight line, f - shock serpent
Aim: a shock serpent (chance to defeat MR: 44%)
The shock serpent resists with some effort.
Evoking this partially-identified wand wasted a few charges.
The naga mage shouts!
The naga mage spits poison at you.
The splash of poison is repelled.
Unknown command.
A naga mage comes into view. It is wielding a spear.
The shock serpent misses you. The shock serpent bites you!
The shock serpent shocks you!
A black mamba comes into view.
The naga mage shouts!
The black mamba hisses angrily.
You scratch the shock serpent. Your kick misses the shock serpent.
The shock serpent is lightly wounded.
The shock serpent bites you! The shock serpent shocks you!
The naga mage mumbles some strange words.
The naga mage seems to speed up.
Unknown command.
You miss the shock serpent. Your kick misses the shock serpent.
The shock serpent is lightly wounded.
The shock serpent closely misses you.
The naga mage mumbles some strange words.
The naga mage seems to speed up.
Unknown command.
Evoke which item? (* to show all) (? for menu, Esc to quit)
Zapping:
C - a wand of polymorph {zapped: 2} (will waste charges)
Press: ? - help, Shift-Dir - straight line, f/p - shock serpent
Aim: a shock serpent (lightly wounded, chance to defeat MR: 44%)
The shock serpent resists with some effort.
Evoking this partially-identified wand wasted a few charges.
The shock serpent misses you.
Unknown command.
Unknown command.
You scratch the shock serpent but do no damage.
Your kick misses the shock serpent.
The shock serpent is lightly wounded.
The shock serpent bites you. The shock serpent shocks you!
You scratch the shock serpent.
The shock serpent is lightly wounded.
The black mamba misses you. The shock serpent bites you.
The shock serpent shocks you!
The salamander hits you from afar with a spear.
You are engulfed in flames.
You resist. The black mamba misses you.
Unknown command.
You eviscerate the shock serpent!!! Your headbutt misses the shock serpent.
The shock serpent is almost dead.
The shock serpent's electric aura discharges violently!
The lightning shocks you.
The shock serpent shoots out a bolt of lightning at you!
The bolt of electricity misses you. The naga mage hits you with a club!
The naga mage grabs you. The naga mage constricts you.
The black mamba bites you but does no damage.
You closely miss the shock serpent. Your kick misses the shock serpent.
The shock serpent is severely wounded.
The shock serpent misses you. The black mamba closely misses you.
The salamander hits you from afar with a spear.
You are engulfed in flames.
You resist. The naga mage closely misses you. The naga mage constricts you.
The shock serpent shoots out a bolt of lightning at you!
The bolt of electricity is repelled.
You feel less protected from missiles.
You barely miss the shock serpent.
The shock serpent is severely wounded.
The black mamba bites you.
You are poisoned.
The black mamba poisons you! The naga mage spits poison at you.
The splash of poison hits you!
You are more poisoned.
The naga mage constricts you.
The naga mage hits you but does no damage.
The salamander hits you from afar with a spear.
* * * LOW HITPOINT WARNING * * *
You are engulfed in flames.
You resist.
* * * LOW HITPOINT WARNING * * *
The shock serpent shoots out a bolt of lightning at you!
The bolt of electricity hits you!
* * * LOW HITPOINT WARNING * * *
A black mamba comes into view.
Read which item? (? for menu, Esc to quit)
Blink to where?
Press: ? - help, Dir - move target cursor, p - shock serpent You escape the naga mage's grasp.
You are very lightly contaminated with residual magic.
As you read the scroll of blinking, it crumbles to dust.
You feel very sick.
Unknown command.
Drink which item? (? for menu, Esc to quit)
You feel better.
The shock serpent shoots out a bolt of lightning at you!
The bolt of electricity hits the black mamba.
The bolt of electricity hits you!
* * * LOW HITPOINT WARNING * * *
The bolt of electricity hits you!
You die...

.>.............# ..
.......N...###.# ###.
.........##..# #.#.
.###.#.S## ....## #.#.
###.#..# #...... #.#.
#......# ######.###...
#.#.##.# #.....#.
#.##S#### ####..##
#....@..# ###....
........##.# #...###
..J#####...########.###
#. #................#
#.#.############## #
#.# #.# #


You could see a shock serpent, a black mamba, a naga mage and a neutral jelly
(fellow slime).

Vanquished Creatures
  A dire elephant (Lair:8)
  A fire dragon (D:15)
  Josephine (Lair:6)
  7 hydras
  A yaktaur captain (D:15)
  An anaconda (Lair:8)
  4 centaur warriors
  9 death yaks
  A queen ant (D:12)
  An orc high priest (Orc:1)
  2 tengu warriors
  Urug (D:14)
  A naga sharpshooter (Snake:1)
  A shock serpent (Snake:1)
  A skeletal warrior (D:13)
  A deep elf knight (Bailey)
  A wizard (D:14)
  5 hill giants
  2 orc sorcerers (Orc:4)
  An oklob plant (D:13)
  6 orc knights
  A wolf spider zombie (D:14)
  A griffon (D:15)
  6 ugly things
  A cyclops (D:15)
  A salamander (Snake:1)
  8 black mambas
  14 elephants
  Maurice (D:8)
  A siren (Lair:4)
  2 gargoyles
  2 naga magi (Snake:1)
  3 kobold demonologists (D:12)
  7 spiny frogs
  8 komodo dragons
  3 yaktaurs (D:13)
  5 fire drakes
  A queen bee (Lair:3)
  A polar bear (Lair:6)
  5 trolls
  Grinder (D:3)
  A two-headed ogre (D:13)
  10 blink frogs
  7 deep elf magi
  4 wraiths
  3 shadows
  Eustachio (D:6)
  A wyvern (Lair:6)
  6 deep elf fighters (Bailey)
  A basilisk (Lair:5)
  4 vampire mosquitoes (D:15)
  4 nagas (Snake:1)
  48 yaks
  2 hungry ghosts (D:10)
  5 hogs (D:13)
  3 wargs
  5 hippogriffs
  3 wolves (Lair:6)
  A mottled dragon (D:15)
  15 water moccasins
  2 wandering mushrooms (Lair:8)
  9 porcupines
  The ghost of cireshan the Conjurer, an average DECj (D:4)
  A sky beast (D:5)
  Duvessa (D:6)
  2 ice beasts
  A swamp drake (Lair:1)
  4 soldier ants (D:12)
  12 ogres
  2 wasps
  2 black bears
  44 orc warriors
  A necrophage (D:8)
  3 phantoms
  4 big kobolds (D:14)
  11 centaurs
  A brain worm (D:12)
  10 crocodiles
  A gnoll sergeant (D:10)
  8 giant frogs
  Dowan (D:6)
  3 scorpions
  2 troll zombies (D:10)
  23 killer bees
  2 wyvern skeletons
  6 wights
  A spriggan skeleton (D:9)
  A troll skeleton (D:9)
  An electric eel (D:11)
  4 crimson imps
  The ghost of Charly the Firebug, a weakling HuFE (D:5)
  6 centaur zombies
  A giant frog zombie (D:11)
  8 hounds
  Ijyb (D:2)
  A jelly (D:5)
  8 centaur skeletons
  7 giant frog skeletons
  9 iguanas
  Jessica (D:2)
  21 orc priests
  Terence (D:2)
  Natasha (D:2)
  29 orc wizards
  27 worker ants
  A killer bee zombie (D:7)
  20 sheep
  4 ogre zombies (D:10)
  2 hound skeletons
  13 gnolls
  A worker ant zombie (D:9)
  Robin (D:4)
  10 adders
  46 river rats
  6 shadow imps
  12 white imps (Lair:4)
  An adder zombie (D:7)
  A worm (D:3)
  7 giant geckos
  167 orcs
  6 giant cockroaches
  14 hobgoblins
  5 jackals
  5 quokkas
  6 bats
  A giant cockroach zombie (D:6)
  6 giant newts
  18 goblins
  A goblin zombie (D:10)
  2 hobgoblin skeletons (D:10)
  3 hobgoblin zombies (D:10)
  A jackal zombie (D:5)
  7 kobolds
  3 orc skeletons (D:10)
  7 orc zombies (D:10)
  A quokka skeleton (D:8)
  7 rats
  6 ballistomycetes
  A giant spore (Snake:1)
  A plant (Lair:8)
924 creatures vanquished.

Vanquished Creatures (collateral kills)
  A dire elephant (Lair:8)
  A hill giant (D:10)
  A cyclops (D:12)
  2 spiny frogs (Lair:7)
  A trapdoor spider (D:9)
  A hippogriff (D:9)
  12 yaks
  A wyvern (D:10)
  A phantom (D:9)
  A wandering mushroom (Lair:8)
  2 killer bees (D:11)
  2 wights (D:9)
  An orc priest (D:10)
  An orc wizard (D:10)
  An adder (D:9)
  A gnoll (D:10)
  A river rat (Lair:6)
  A hobgoblin skeleton (D:10)
  An orc skeleton (D:10)
  An orc zombie (D:10)
  A toadstool (D:11)
35 creatures vanquished.

Vanquished Creatures (others)
  The ghost of Zebura the Axe Maniac, a great MiBe of Trog (Slime:6)
  2 acid blobs (Slime:6)
  A great orb of eyes (Slime:6)
  A hill giant (D:13)
  A centaur skeleton (D:14)
  A kobold demonologist (D:14)
  2 yaktaurs (D:13)
  19 wandering mushrooms
  2 slime creatures
  A wraith (D:13)
  A hungry ghost (D:14)
  A warg (Orc:1)
  2 orc warriors
  A wasp (D:13)
  An ogre (D:13)
  2 centaurs (D:14)
  A phantom (D:12)
  A big kobold (D:14)
  69 jellies
  2 orc priests
  2 orc wizards
  10 worker ants (D:12)
  34 orcs
  A kobold (D:9)
  A ballistomycete (D:15)
  24 fungi
  3 giant spores
  9 plants
  312 toadstools
508 creatures vanquished.

Grand Total: 1467 creatures vanquished

Action                   |  1- 3 |  4- 6 |  7- 9 | 10-12 | 13-15 || total
-------------------------+-------+-------+-------+-------+-------++-------
Melee: Unarmed           |    73 |   171 |   391 |   853 |  1608 ||  3096
Throw: Large rock        |     1 |     3 |    16 |    40 |    48 ||   108
       Throwing net      |       |       |     2 |       |       ||     2
 Cast: Repel Missiles    |       |       |       |       |     2 ||     2
Invok: Evolution         |       |       |     1 |     9 |    11 ||    21
       Slimify           |       |       |       |       |     7 ||     7
Evoke: Wand              |       |       |     2 |     1 |    13 ||    16
  Use: Scroll            |       |       |    23 |    11 |     5 ||    39
       Potion            |       |       |     2 |     2 |     2 ||     6
 Stab: Sleeping          |     1 |     1 |     2 |     1 |     5 ||    10
       Held in net/web   |       |       |     3 |       |       ||     3
       Invisible         |       |       |     3 |       |       ||     3
       Confused          |       |       |       |     1 |     1 ||     2
       Distracted        |       |       |       |     1 |     3 ||     4
  Eat: Chunk             |    13 |    13 |    40 |    79 |    45 ||   190
       Beef jerky        |       |       |     1 |     2 |       ||     3
       Fruit             |       |       |     1 |     2 |     1 ||     4
       Pizza             |       |       |       |     1 |     1 ||     2

Action                   |  1- 3 |  4- 6 |  7- 9 | 10-12 | 13-15 || total
-------------------------+-------+-------+-------+-------+-------++-------
Melee: Unarmed           |    73 |   171 |   391 |   853 |  1608 ||  3096
Throw: Large rock        |     1 |     3 |    16 |    40 |    48 ||   108
       Throwing net      |       |       |     2 |       |       ||     2
 Cast: Repel Missiles    |       |       |       |       |     2 ||     2
Invok: Evolution         |       |       |     1 |     9 |    11 ||    21
       Slimify           |       |       |       |       |     7 ||     7
Evoke: Wand              |       |       |     2 |     1 |    13 ||    16
  Use: Scroll            |       |       |    23 |    11 |     5 ||    39
       Potion            |       |       |     2 |     2 |     2 ||     6
 Stab: Sleeping          |     1 |     1 |     2 |     1 |     5 ||    10
       Held in net/web   |       |       |     3 |       |       ||     3
       Invisible         |       |       |     3 |       |       ||     3
       Confused          |       |       |       |     1 |     1 ||     2
       Distracted        |       |       |       |     1 |     3 ||     4
  Eat: Chunk             |    13 |    13 |    40 |    79 |    45 ||   190
       Beef jerky        |       |       |     1 |     2 |       ||     3
       Fruit             |       |       |     1 |     2 |     1 ||     4
       Pizza             |       |       |       |     1 |     1 ||     2
